 Dungeon Sprint DCSS version 0.31-a0-743-g45f7035092 (webtiles) character file.

Game seed: 17668812163792326941

628 sircluck the Grappler (level 7, -2/80 HPs)
             Began as a Troll Berserker on Sept 12, 2023.
             Was a Follower of Trog.
             Slain by a hellwing (10 damage)
             ... summoned by a kobold demonologist
             ... in the Dungeon (Sprint VII: "The Pits").
             The game lasted 00:00:31 (196 turns).

sircluck the Grappler (Troll Berserker)              Turns: 196, Time: 00:00:32

Health: -2/80      AC:  4    Str: 28    XL:     7   Next: 23%
Magic:  6/6        EV:  6    Int:  3    God:    Trog [*.....]
Gold:   0          SH:  0    Dex:  9    Spells: 6/6 levels left

rFire   . .          .
                       - Unarmed
rCold   . . .        (no shield)
rNeg    . . .        a - +0 animal skin
rPois   .            (helmet restricted)
rElec   .            (no cloak)
rCorr   .            (gloves unavailable)
SInv    .            (boots unavailable)
Will    .....        (no amulet)
Stlth   +            (no ring)
HPRegen 1.13/turn    (no ring)
MPRegen 0.10/turn

%: no teleportation
@: lethally poisoned (-2 -> -7), petrifying, very slow
A: large, unfitting armour, claws 3, regeneration 1, shaggy fur 1, tough skin 1
a: Renounce Religion, Berserk


You were in the Dungeon.
You worshipped Trog.
Trog was aware of your devotion.
You visited 1 branch

Inventory:

Armour
 a - a +0 animal skin (worn)
Scrolls
 g - a scroll of blinking
Potions
 b - a potion of curing
 c - a potion of heal wounds
 d - a potion of haste
 e - 2 potions of magic
 f - a potion of berserk rage


   Skills:
 + Level 8.1 Fighting
 + Level 8.0 Dodging
 + Level 9.6 Unarmed Combat


You had 6 spell levels left.
You didn't know any spells.
Your spell library was empty.

Dungeon Overview and Level Annotations

Branches:
Dungeon (1/1)

Altars:


Innate Abilities, Weirdness & Mutations

You are too large for most types of armour.
You have claws for hands.
Your natural rate of healing is unusually fast.
You are covered in fur. (AC +1)
You have tough skin. (AC +1)


Message History

The orange demon stings you but does no damage.
The kobold demonologist hits you with a +0 dagger.
The basilisk bites you. The shadow imp hits you. The hellwing hits you.
The hellwing hits you but does no damage.
The orange demon stings you from afar! The basilisk gazes at you.
You resist with significant effort.
The kobold demonologist hits you with a +0 dagger.
The shadow imp hits you.
The hellwing hits you but does no damage.
The hellwing hits you.
You turn to flesh and can move again.
Unknown command.
Unknown command.
You claw the kobold demonologist!
The kobold demonologist is moderately wounded.
The orange demon stings you from afar.
You are poisoned.
The orange demon poisons you!
The kobold demonologist hits you but does no damage.
The basilisk gazes at you.
You are slowing down.
Unknown command.
Unknown command.
Unknown command.
Unknown command.
You scratch the kobold demonologist but do no damage.
The kobold demonologist is moderately wounded.
You feel very sick. The hellwing hits you.
* * * LOW HITPOINT WARNING * * *
The hellwing hits you!
* * * LOW HITPOINT WARNING * * *
The shadow imp hits you but does no damage.
The orange demon barely misses you. The basilisk bites you!
* * * LOW HITPOINT WARNING * * *
The kobold demonologist hits you with a +0 dagger.
* * * LOW HITPOINT WARNING * * *
The hellwing hits you!
You die...

4D# ########## .K#
.....##..# ..#
.....##..# ..#
.....''..# ..#
.....''..##########..#
.....##........5@l45.#
.....##........4.K5..#
######################


You could see an orange demon (summoned), a hellwing (summoned), a kobold
demonologist, a basilisk, a white imp (summoned), a shadow imp (summoned) and an
ufetubus (summoned).

Vanquished Creatures
  An elephant (D)
  An orange demon (D)
2 creatures vanquished.

Notes
Turn   | Place    | Note
-------+----------+-------------------------------------------
     0 | D        | sircluck the Troll Berserker began the quest for the Orb.
     0 | D        | Reached XP level 1. HP: 22/22 MP: 0/0
    22 | D        | Noticed an orange demon
    45 | D        | Killed an orange demon
    46 | D        | Reached skill level 7 in Unarmed Combat
    46 | D        | Reached XP level 2. HP: 6/37 MP: 1/1
    46 | D        | Reached XP level 3. HP: 7/45 MP: 2/2
    46 | D        | Reached XP level 4. HP: 8/53 MP: 3/3
    46 | D        | Reached XP level 5. HP: 10/61 MP: 4/4
    46 | D        | Reached XP level 6. HP: 11/68 MP: 5/5
    99 | D        | Noticed an elephant
   131 | D        | Killed an elephant
   132 | D        | Reached skill level 9 in Unarmed Combat
   132 | D        | Reached XP level 7. HP: 58/80 MP: 6/6
   182 | D        | Noticed a kobold demonologist
   182 | D        | Noticed a basilisk
   182 | D        | Noticed a steam dragon
   183 | D        | Noticed an orange demon
   189 | D        | Noticed a hellwing
   196 | D        | Slain by a hellwing

Illustrated notes

Levels and vault maps discovered:
D:        pitsprint [storerooms_1, entrance_room_1, metal_vault_7, armoury_1,
          mini_pit_1, grid_room_1, main_hall_1, silver_pit, the_coven_2,
          the_vestibule_1, steel_vault_5, golden_pit, hallway_of_sentries,
          crystal_vault_1, iron_vault_3, final_vault]

Skill      XL: |  1  2  3  4  5  6 |
---------------+-------------------+-----
Fighting       | 6 8 |  8.1
Dodging        | 6 8 |  8.0
Unarmed Combat | 7 9 |  9.6

Action                     |  1- 3 |  4- 6 |  7- 9 || total
---------------------------+-------+-------+-------++-------
  Melee: Unarmed           |     6 |    12 |     3 ||    21
 Invoke: Berserk           |     1 |       |       ||     1
 Armour: Animal skin       |     8 |     9 |    40 ||    57
  Dodge: Dodged            |     1 |     7 |     1 ||     9

Table legend: (Time is in decaauts)
 A = Elapsed time spent in this place.
 B = Non-inter-level travel time spent in this place.
 C = Inter-level travel time spent in this place.
 D = Time resting spent in this place.
 E = Time spent auto-exploring this place.
 F = Levels seen in this place.
 G = Mean time per level.
                   A        B        C        D        E       F      G
               +--------+--------+--------+--------+--------+-----+--------+
         Total |    203 |    203 |      0 |     75 |      0 |   1 |  203.0 |
       Dungeon |    203 |    203 |      0 |     75 |      0 |   1 |  203.0 |
               +--------+--------+--------+--------+--------+-----+--------+

Top non-repeatable levels by time:
       D: 203 daAuts
